 Dungeon Crawl Stone Soup version 0.31-a0-844-gdc52ec4e09 (webtiles) character file.

Game seed: 17809168947137492701

19616 Ethylacetat the Mimic (level 12, -4/72 HPs)
             Began as a Vine Stalker Shapeshifter on Sept 30, 2023.
             Was a High Priest of Okawaru.
             Shot with an arrow by a centaur warrior (21 damage)
             ... on level 13 of the Dungeon.
             The game lasted 00:36:31 (9761 turns).

Ethylacetat the Mimic (Vine Stalker Shapeshifter)   Turns: 9761, Time: 00:36:32

Health: -4/72      AC: 10    Str: 34    XL:     12   Next: 70%
Magic:  0/20       EV: 15    Int:  9    God:    Okawaru [*****.]
Gold:   737        SH:  0    Dex: 13    Spells: 21/21 levels left

rFire   + + +        x - melded +9 spear of Eshrur {elec, Will+ Dex+2 SInv Stlth-}
rCold   x . .        (shield currently unavailable)
rNeg    . . .        n - melded +2 plate armour {Will+}
rPois   +            (helmet currently unavailable)
rElec   .            (cloak currently unavailable)
rCorr   .            (gloves currently unavailable)
SInv    +            (boots currently unavailable)
Will    +....        j - amulet of regeneration
Stlth   +            f - +5 ring of evasion
HPRegen 2.72/turn    a - ring of protection from fire
MPRegen 0.17/turn

%: guardian spirit
@: short of breath, dragon-form, flying
A: dragon claw, dragon scales, breathe fire, flying, boosted hp, giant, (fangs
3), regeneration 2, magic shield, (antimagic bite), no potion heal 2, (horns 1),
see invisible, clumsy 1, (fire resistance 1), strong 1, subdued magic 1
a: Breathe Fire, Begin Untransformation, Renounce Religion, Heroism, Finesse,
Duel


You were on level 13 of the Dungeon.
You worshipped Okawaru.
Okawaru was extremely pleased with you.
You were a fearsome dragon!
You visited 2 branches of the dungeon, and saw 14 of its levels.
You visited 1 bazaar.
You also visited: Bailey.

You collected 1453 gold pieces.
You spent 716 gold pieces at shops.

Inventory:

Hand Weapons
 x - the +9 spear of Eshrur (melded) {elec, Will+ Dex+2 SInv Stlth-}
   (You found it on level 3 of the Dungeon)

   Dex+2:     It affects your dexterity (+2).
   Will+:     It increases your willpower.
   SInv:      It lets you see invisible.
   Stlth-:    It makes you less stealthy.
Missiles
 A - a throwing net (quivered)
Armour
 c - a +0 buckler of positive energy
 n - a +2 plate armour of willpower (melded)
Jewellery
 a - a ring of protection from fire (right foreclaw)
 f - a +5 ring of evasion (left foreclaw)
 j - an amulet of regeneration (around neck)
Talismans
 D - a dragon-blood talisman (active)
Wands
 k - a wand of digging (10)
 p - a wand of roots (4)
 q - a wand of paralysis (5)
 r - a wand of flame (3)
 C - a wand of polymorph (12)
Scrolls
 e - 4 scrolls of teleportation
 i - 5 scrolls of fear
 l - 4 scrolls of identify
 t - 3 scrolls of blinking
 u - a scroll of enchant weapon
 B - 2 scrolls of immolation
Potions
 b - 2 potions of lignification
 g - a potion of mutation
 h - 9 potions of curing
 o - a potion of ambrosia
 w - a potion of haste


   Skills:
 - Level 6.9 Fighting
 - Level 6.5 Dodging
 - Level 8.1 Unarmed Combat
 - Level 5.1 Spellcasting
 - Level 4.2 Invocations
 + Level 13.7 Shapeshifting


You had 21 spell levels left.
You didn't know any spells.
Your spell library contained the following spells:

 Spells                   Type           Power      Damage    Failure   Level
 Sting                    Tmut/Pois      4%         1d3       21%         1
 Ensorcelled Hibernation  Hex/Ice        2%         N/A       32%         2
 Lesser Beckoning         Tloc           2%         N/A       32%         2
 Passwall                 Tmut/Erth      0%         N/A       32%         2
 Poisonous Vapours        Pois/Air       2%         N/A       32%         2
 Wereblood                Tmut           1%         N/A       32%         2
 Frozen Ramparts          Ice            2%         1d1       54%         3
 Gell's Gravitas          Tloc           1%         N/A       54%         3
 Swiftness                Air            1%         N/A       54%         3
 Teleport Other           Tloc           1%         N/A       54%         3
 Olgreb's Toxic Radiance  Pois           1%         N/A       92%         4
 Petrify                  Tmut/Erth      1%         N/A       92%         4
 Vhi's Electric Charge    Tloc/Air       2%         N/A       92%         4
 Arcjolt                  Conj/Air       0%         1d10      99%         5
 Irradiate                Conj/Tmut      0%         3d11      99%         5
 Iskenderun's Battlesphe  Conj           1%         2d6       99%         5
 Lee's Rapid Deconstruct  Erth           0%         3d4*      99%         5
 Metabolic Englaciation   Hex/Ice        0%         N/A       99%         5
 Bombard                  Conj/Erth      0%         9d1       100%        6
 Conjure Ball Lightning   Conj/Air       0%         3x3d6     100%        6
 Plasma Beam              Fire/Air       0%         2x1d10    100%        6
 Discord                  Hex            0%         N/A       100%        8
 Disjunction              Tloc           0%         N/A       100%        8
 Animate Armour           Summ/Erth      Unusable   N/A       N/A         4
 Summon Lightning Spire   Summ/Air       Unusable   N/A       N/A         4
 Spellforged Servitor     Conj/Summ      Unusable   N/A       N/A         7

Dungeon Overview and Level Annotations

Branches:
Dungeon (13/15)            Temple (1/1) D:6            Lair (0/5) D:10
    Orc (0/2) D:9          Bailey (visited)
 Vaults: D:13-14

Altars:
Ashenzari
Cheibriados
Dithmenos
Elyvilon
Fedhas
Gozag
Hepliaklqana
Kikubaaqudgha
Makhleb
Nemelex Xobeh
Okawaru
Qazlal
Ru
Sif Muna
Trog
Uskayaw
Vehumet
Wu Jian
Xom
Yredelemnul
Zin
The Shining One

Shops:
D:2 :

Annotations:
D:10 2 transporters, qipq's ghost, novice OpNe


Innate Abilities, Weirdness & Mutations

You are a fearsome dragon!
You have a powerful clawing attack.
Your giant scaled body is strong and resilient, but less evasive.
You can breathe fire.
You are flying.
Your maximum health is increased.
Your armour is entirely melded.
You are incapable of wielding weapons or throwing items.
((You have razor-sharp teeth.))
You heal very quickly.
When hurt, damage is shared between your health and your magic reserves.
((Your bite disrupts and absorbs the magic of your enemies.))
Potions cannot restore your health.
((You have a pair of small horns on your head.))
You have supernaturally acute eyesight. (SInv)
You are clumsy. (Dex -2)
((Your flesh is heat resistant. (rF+)))
Your muscles are strong. (Str +4, Int/Dex -1)
Your spells are a little easier to cast, but a little less powerful.


Message History

A centaur comes into view.
The centaur wields a +0 orcbow.
The centaur shoots an arrow.
The arrow misses you.
The centaur shouts!
The centaur shoots an arrow.
The arrow hits you.
The centaur shoots an arrow.
The arrow hits you.
A centaur warrior comes into view. It is wielding a +0 flail.
The centaur warrior shouts!
The centaur shoots an arrow.
The arrow hits you.
A centaur comes into view.
The centaur shoots an arrow.
The arrow closely misses you.
The centaur warrior moves out of view.
The centaur wields a +0 shortbow.
The centaur shoots an arrow.
The arrow hits you!
The centaur shoots an arrow.
The arrow hits you!
The centaur shoots an arrow.
The arrow misses you.
The centaur shoots an arrow.
The arrow misses you.
Aiming: Breathe Fire (0% risk of failure)
Press: ? - help, Shift-Dir - straight line, f - centaur warrior
Aim: a centaur warrior, wielding a +0 flail (82% to hit)
You breathe a blast of fire.
The fiery breath hits the centaur!
The centaur is severely wounded.
The fiery breath hits the centaur warrior!!
The centaur warrior is moderately wounded.
The centaur shoots an arrow.
The arrow hits you.
The centaur shoots an arrow.
The arrow barely misses you.
The centaur warrior is engulfed in blazing flames.
The centaur shoots an arrow.
The arrow hits you!
* * * LOW HITPOINT WARNING * * *
The centaur shoots an arrow.
The arrow misses you.
The centaur shoots an arrow.
The arrow hits you.
* * * LOW HITPOINT WARNING * * *
The centaur is engulfed in blazing flames.
The centaur shoots an arrow.
The arrow hits you.
* * * LOW HITPOINT WARNING * * *
The centaur warrior unwields a +0 flail.
The centaur warrior wields a +0 orcbow.
The centaur warrior shoots an arrow.
The arrow hits you!!
You die...
Xom snickers!

c.c# ..
.c###.#.
....... .c.#.#
###### #....
#....# #..#
#....#####c☼#
#.....†D..cc#
#....#.###c##
#....#.# #.#
######.###.#
########.....#
#...)........#
#............##
#..............
############+##


You could see a centaur warrior and 3 centaurs.

Vanquished Creatures
  2 vault guards
  Erica (D:8)
  A centaur warrior (D:13)
  A catoblepas (D:13)
  4 two-headed ogres
  The ghost of Heedrag the Geomancer, a novice GrEE (D:6)
  A manticore (D:12)
  An ugly thing (D:13)
  2 komodo dragons
  A troll (D:10)
  Grinder (D:3)
  2 vampires
  3 slime creatures (D:12)
  A shadow (D:10)
  A wraith (D:12)
  13 yaks (D:10)
  A basilisk (D:13)
  A steam dragon (D:8)
  9 vampire mosquitoes
  3 acid dragons
  2 water moccasins
  2 black bears (D:5)
  12 orc warriors
  3 ice beasts
  A sky beast (D:7)
  3 ogres
  6 centaurs
  2 phantoms (D:6)
  9 kobold brigands
  7 bullfrogs
  2 gnoll sergeants
  7 scorpions
  7 wights
  27 killer bees
  6 howler monkeys
  2 jellies
  4 hounds
  7 orc priests
  3 sleepcaps
  A gnoll bouda (D:5)
  Jessica (D:3)
  6 iguanas
  Terence (D:2)
  11 orc wizards
  16 gnolls
  8 adders
  A shadow imp (D:8)
  5 white imps
  3 dart slugs
  40 orcs
  7 bats
  4 endoplasms
  3 giant cockroaches
  9 goblins
  8 hobgoblins
  4 jackals (D:4)
  5 quokkas
  9 ball pythons
  2 frilled lizards
  36 kobolds
  4 rats
346 creatures vanquished.

Vanquished Creatures (others)
  A troll (D:10)
  A yak (D:10)
2 creatures vanquished.

Grand Total: 348 creatures vanquished

Notes
Turn   | Place    | Note
-------+----------+-------------------------------------------
     0 | D:1      | Ethylacetat the Vine Stalker Shapeshifter began the quest
                  | for the Orb.
     0 | D:1      | Reached XP level 1. HP: 9/9 MP: 2/2
    32 | D:1      | Reached skill level 1 in Fighting
   112 | D:1      | Reached XP level 2. HP: 14/14 MP: 3/3
   348 | D:1      | Reached XP level 3. HP: 18/18 MP: 4/4
  1128 | D:2      | Noticed Terence
  1138 | D:2      | Killed Terence
  1139 | D:2      | Reached XP level 4. HP: 23/23 MP: 5/5
  1257 | D:2      | Noticed a walking frostbound tome
  1259 | D:2      | Found Tiogal's Book Shop.
  1261 | D:2      | Noticed a walking crystal tome
  1643 | D:3      | Found a faded altar of an unknown god.
  1690 | D:3      | Found a sacrificial altar of Ru.
  1695 | D:3      | Prayed at the altar of an unknown god.
  1695 | D:3      | Became a worshipper of Xom the Capricious
  1696 | D:3      | Fell from the grace of Xom
  1757 | D:3      | Noticed Grinder
  1766 | D:3      | Killed Grinder
  1767 | D:3      | Reached skill level 4 in Shapeshifting
  1767 | D:3      | Reached XP level 5. HP: 24/27 MP: 6/6
  1767 | D:3      | Reached XP level 6. HP: 28/32 MP: 7/7
  1909 | D:3      | Noticed Jessica
  1912 | D:3      | Killed Jessica
  1941 | D:3      | Identified the +9 spear of Eshrur {elec, Will+ Dex+2 SInv
                  | Stlth-}
  2215 | D:4      | You fall into a shaft and drop 3 floors!
  2224 | D:7      | Noticed an ice beast
  2230 | D:7      | Killed an ice beast
  2231 | D:7      | Reached skill level 5 in Shapeshifting
  2231 | D:7      | Reached XP level 7. HP: 24/35 MP: 8/8
  2253 | D:7      | XOM: fog
  2362 | D:6      | Gained mutation: You have razor-sharp teeth. [Vine Stalker
                  | growth]
  2362 | D:6      | Reached XP level 8. HP: 40/40 MP: 9/9
  2373 | D:5      | Entered Level 5 of the Dungeon
  2466 | D:5      | Reached skill level 6 in Shapeshifting
  2467 | D:5      | Reached skill level 5 in Unarmed Combat
  2502 | D:5      | XOM: noise
  2883 | D:4      | XOM: give mutation
  2883 | D:4      | Gained mutation: You passively map a small area around you.
                  | [Xom's mischief]
  3013 | D:4      | XOM: give mutation
  3013 | D:4      | Gained mutation: You are clumsy. (Dex -2) [Xom's mischief]
  3177 | D:5      | Reached skill level 7 in Shapeshifting
  3330 | D:5      | Reached XP level 9. HP: 46/46 MP: 10/10
  3577 | D:6      | Found a staircase to the Ecumenical Temple.
  3585 | Temple   | Entered the Ecumenical Temple
  3593 | Temple   | Became a worshipper of Warmaster Okawaru
  3623 | D:6      | Noticed Heedrag's ghost (novice GrEE)
  3689 | D:6      | XOM: give mutations
  3689 | D:6      | Gained mutation: You are occasionally teleported next to
                  | monsters. [Xom's mischief]
  3689 | D:6      | Gained mutation: You are frail. (-10% HP) [Xom's mischief]
  3689 | D:6      | Gained mutation: You have a pair of small horns on your
                  | head. [Xom's mischief]
  3700 | D:6      | Lost mutation: You are occasionally teleported next to
                  | monsters. [potion of mutation]
  3700 | D:6      | Lost mutation: You are frail. (-10% HP) [potion of
                  | mutation]
  3700 | D:6      | Lost mutation: You passively map a small area around you.
                  | [potion of mutation]
  3700 | D:6      | Gained mutation: Your spells are a little easier to cast,
                  | but a little less powerful. [potion of mutation]
  3700 | D:6      | Gained mutation: Your flesh is heat resistant. (rF+)
                  | [potion of mutation]
  3700 | D:6      | Gained mutation: You heal very quickly. [potion of
                  | mutation]
  3700 | D:6      | Gained mutation: You have supernaturally acute eyesight.
                  | (SInv) [potion of mutation]
  3717 | D:6      | Reached skill level 1 in Spellcasting
  3758 | D:6      | Found a transporter.
  3760 | D:6      | Found a transporter.
  3786 | D:6      | Reached skill level 5 in Fighting
  3788 | D:6      | Killed Heedrag's ghost
  3788 | D:6      | Reached * piety under Okawaru
  3789 | D:6      | Reached skill level 5 in Dodging
  3789 | D:6      | Reached skill level 8 in Shapeshifting
  3978 | D:6      | Reached XP level 10. HP: 51/51 MP: 14/14
  4108 | D:6      | XOM: stat loss: -3 Dex (12/15)
  4260 | D:7      | Reached skill level 1 in Invocations
  4282 | D:7      | Found an ancient bone altar of Kikubaaqudgha.
  4378 | D:7      | Reached ** piety under Okawaru
  4475 | D:7      | Found a hide-covered altar of Uskayaw.
  4775 | D:8      | XOM: 3-stop teleportation journey
  4831 | D:8      | XOM: blink monster(s)
  4962 | D:8      | Noticed Erica
  4993 | D:8      | Reached skill level 9 in Shapeshifting
  5096 | D:8      | Reached *** piety under Okawaru
  5186 | D:8      | Found a flagged portal.
  5202 | Bailey   | Entered a bailey
  5256 | Bailey   | Found the amulet of the Air {Inacc Air Fly rElec RMsl}
  5284 | Bailey   | XOM: noise
  5289 | Bailey   | Found an iron altar of Okawaru.
  5389 | D:8      | Noticed a two-headed ogre
  5401 | D:8      | Killed a two-headed ogre
  5433 | D:8      | Reached skill level 10 in Shapeshifting
  5433 | D:8      | Reached XP level 11. HP: 56/56 MP: 15/17
  5641 | D:8      | Killed Erica
  5641 | D:8      | Reached **** piety under Okawaru
  5938 | D:9      | XOM: noise
  6682 | D:9      | XOM: cloud trail
  6740 | D:9      | Found a staircase to the Orcish Mines.
  6939 | D:9      | XOM: noise
  7095 | D:10     | Entered Level 10 of the Dungeon
  7135 | D:10     | Found a transporter.
  7137 | D:10     | Noticed a manticore
  7138 | D:10     | Noticed qipq's ghost (novice OpNe)
  7140 | D:10     | Noticed a moth of wrath
  7173 | D:10     | Found a transporter.
  7259 | D:10     | XOM: 1-stop teleportation journey
  7272 | D:10     | Reached ***** piety under Okawaru
  7294 | D:10     | XOM: 2-stop teleportation journey
  7310 | D:10     | Reached skill level 11 in Shapeshifting
  7324 | D:10     | Received a gift from Okawaru
  7461 | D:10     | Found a shimmering altar of Xom.
  7572 | D:10     | Reached skill level 5 in Spellcasting
  7898 | D:10     | Found a staircase to the Lair.
  7987 | D:11     | Noticed a two-headed ogre
  7991 | D:11     | Killed a two-headed ogre
  7992 | D:11     | Reached XP level 12. HP: 15/62 MP: 5/20
  8025 | D:11     | Noticed a two-headed ogre
  8027 | D:11     | Noticed a two-headed ogre
  8036 | D:11     | Killed a two-headed ogre
  8036 | D:11     | Received a gift from Okawaru
  8040 | D:11     | Killed a two-headed ogre
  8041 | D:11     | Reached skill level 12 in Shapeshifting
  8051 | D:11     | Found a flickering gateway to a bazaar.
  8054 | Bazaar   | Entered a bazaar
  8054 | Bazaar   | Found Wearon's Antique Weapon Boutique.
  8054 | Bazaar   | Found Plog's Antique Armour Shop.
  8054 | Bazaar   | Found Giostrad's Assorted Antiques.
  8056 | Bazaar   | Found Itic's General Store.
  8056 | Bazaar   | Found Duduseepn's Assorted Antiques.
  8084 | Bazaar   | Bought an ivory ring for 65 gold pieces
  8084 | Bazaar   | Bought a golden potion for 11 gold pieces
  8084 | Bazaar   | Bought a coppery potion for 11 gold pieces
  8090 | Bazaar   | Bought a potion of magic for 136 gold pieces
  8093 | Bazaar   | Bought a pair of translucent gloves for 323 gold pieces
  8093 | Bazaar   | Identified the +2 pair of gloves "Cocruudaw" {Harm rC-
                  | Str+8 SInv} (You bought it in a shop in a bazaar)
  8093 | Bazaar   | Bought a dented amethyst amulet for 170 gold pieces
  8407 | D:11     | XOM: give mutation
  8407 | D:11     | Gained mutation: Your muscles are strong. (Str +4, Int/Dex
                  | -1) [Xom's mischief]
  9318 | D:12     | Received a gift from Okawaru
  9318 | D:12     | XOM: noise
  9482 | D:12     | XOM: summons 1 hostile shadow creature
  9505 | D:13     | Found an ancient bone altar of Kikubaaqudgha.
  9538 | D:13     | Noticed a centaur warrior
  9539 | D:13     | Noticed a vault guard
  9548 | D:13     | Killed a centaur warrior
  9551 | D:13     | Noticed an ironbound thunderhulk
  9553 | D:13     | Noticed a vault guard
  9555 | D:13     | Reached skill level 13 in Shapeshifting
  9557 | D:13     | Killed a vault guard
  9593 | D:12     | Killed a vault guard
  9651 | D:13     | Identified the +5 scale mail of the Sacrificial Victim
                  | {rC+}
  9677 | D:13     | Received a gift from Okawaru
  9733 | D:13     | XOM: 3-stop teleportation journey
  9743 | D:13     | Noticed a catoblepas
  9749 | D:13     | Killed a catoblepas
  9756 | D:13     | Noticed a centaur warrior
  9761 | D:13     | Shot with an arrow by a centaur warrior

Illustrated notes

Levels and vault maps discovered:
D:1:      orjb1_clovarrival, layout_loops_ring, minivault_14,
          serial_bayou_pond_e
D:2:      layout_basic, serial_shops, nicolae_shop_mannequins, uniq_terence
D:3:      layout_loops_ring, nicolae_overflow_ecumenical_swirl,
          minmay_misc_feat_more_columns, uniq_jessica, uniq_grinder
D:4:      layout_basic
D:5:      layout_basic, minmay_fractal_squares_gapless_5
D:6:      layout_loops_ring, minmay_temple_entry_overgrown,
          gammafunk_ghost_arena
D:7:      layout_cave_pools, mainiacjoe_overflow_big_doors,
          nicolae_elevator_lobby_asterisk
D:8:      layout_loops_corners, lightli_bailey_entry_fortress, eino_jars,
          uniq_erica
D:9:      layout_stronghold, david_orc_4
D:10:     layout_roguey, xom_confusion_cloud, grunt_lair_entry_orc_guard_hut,
          gammafunk_ghost_berserking_beasts
D:11:     layout_loops_ring, serial_shops, bzr_entry_dummy
D:12:     layout_basic, kennysheep_generic_room_3
D:13:     layout_basic, hellmonk_vaults_keyhole,
          gammafunk_ghost_wrathful_warriors, nicolae_kikubaaqudgha_miasma_corner
Temple:   nicolae_temple_two_arcs

Skill      XL: |  1  2  3  4  5  6  7  8  9 10 11 12 |
---------------+-------------------------------------+-----
Fighting       | 1 2 3 4 5 6 |  6.9
Dodging        | 2 3 4 5 6 |  6.5
Unarmed Combat | 4 5 6 7 8 |  8.1
Shapeshifting  | 4 5 7 8 10 11 13 | 13.7
Spellcasting   | 2 3 5 |  5.1
Invocations    | 2 4 |  4.2

Action                     |  1- 3 |  4- 6 |  7- 9 | 10-12 || total
---------------------------+-------+-------+-------+-------++-------
  Melee: Unarmed           |    73 |     7 |       |   222 ||   302
         Bite              |    14 |    13 |    47 |    55 ||   129
         Punch             |     3 |     2 |    10 |    23 ||    38
         Short sword       |       |    46 |       |       ||    46
         Spear             |       |     8 |   195 |   221 ||   424
         Headbutt          |       |       |     6 |    34 ||    40
         Tailslap          |       |       |       |    33 ||    33
 Invoke: Renounce Religion |       |     1 |       |       ||     1
Ability: Breathe Fire      |       |       |       |    11 ||    11
  Evoke: Wand              |       |       |     2 |     4 ||     6
    Use: Potion            |       |       |     5 |     1 ||     6
         Scroll            |       |       |       |    20 ||    20
   Stab: Sleeping          |     1 |       |       |     1 ||     2
         Confused          |       |       |       |     1 ||     1
 Armour: Animal skin       |    18 |       |       |       ||    18
         Leather armour    |    11 |       |       |       ||    11
         Scale mail        |       |    18 |    53 |    70 ||   141
         Plate armour      |       |       |       |    46 ||    46
         Skin              |       |       |       |   171 ||   171
  Dodge: Dodged            |    49 |    42 |    84 |   375 ||   550
   Form: Dragon            |       |       |       |     1 ||     1

Table legend: (Time is in decaauts)
 A = Elapsed time spent in this place.
 B = Non-inter-level travel time spent in this place.
 C = Inter-level travel time spent in this place.
 D = Time resting spent in this place.
 E = Time spent auto-exploring this place.
 F = Levels seen in this place.
 G = Mean time per level.
                   A        B        C        D        E       F      G
               +--------+--------+--------+--------+--------+-----+--------+
         Total |   9776 |   9252 |    524 |      7 |   6986 |  16 |  611.0 |
       Dungeon |   9536 |   9019 |    517 |      7 |   6917 |  13 |  733.5 |
        Temple |     16 |      9 |      7 |      0 |      0 |   1 |   16.0 |
        Bazaar |     58 |     58 |      0 |      0 |      0 |   1 |   58.0 |
        Bailey |    164 |    164 |      0 |      0 |     68 |   1 |  164.0 |
               +--------+--------+--------+--------+--------+-----+--------+

Top non-repeatable levels by time:
     D:9: 1153 daAuts
     D:8: 1145 daAuts
    D:10: 879 daAuts
    D:12: 849 daAuts
     D:3: 822 daAuts
     D:1: 775 daAuts
     D:6: 762 daAuts
    D:11: 665 daAuts
     D:4: 641 daAuts
     D:2: 583 daAuts
     D:7: 548 daAuts
     D:5: 521 daAuts
    D:13: 186 daAuts
  Bailey: 164 daAuts
  Bazaar: 58 daAuts
